AoeStats
← RogerV

Nomad

508912758Analyzed
4v4 RM · 7d ago on Sep 24, 2026· 58m 53s· 8 players
Game mode
Random Map
Map size
231×231
Population
200
Speed
Normal
Resources
Standard
Victory
Conquest
Starting age
Dark Age
Ending age
Imperial Age
RankedLock teamsTeams togetherTeam positionsShared explorationLock speedFull tech treeHidden civsTurbo modeCheats
Victory
Defeat
🇰🇷 Mongols · South Korea
1412
+14
🇰🇷 Malians · South Korea
1379
+15
🇦🇷 Vietnamese · Argentina
1333
+17
🇰🇷 Vikings · South Korea
1317
+18
🇨🇿 Britons · Czechia
1426
-18
🇦🇷 Tupi · Argentina
1365
-16
🇨🇭 Khmer · Switzerland
1356
-16
🇳🇱 Bengalis · Netherlands
1301
-14
Geronimo
4:43 Loom
13:58 Feudal Age
18:20 Castle Age
16:52 Fishing Lines
22:30 Gillnets
24:17 Medium Warships
26:52 Scale Barding Armor
26:58 Forging
27:13 Bloodlines
27:04 Husbandry
31:15 Town Watch
32:37 Chain Barding Armor
32:13 Horse Collar
35:57 Double-Bit Axe
39:22 Fletching
40:11 Iron Casting
44:51 Imperial Age
44:44 Tusk Swords
45:45 Elite Battle Elephant
51:10 Plate Barding Armor
51:48 Wheelbarrow
55:05 Blast Furnace
54:32 Gold Mining
Rakosnik
4:32 Loom
17:48 Feudal Age
20:54 Double-Bit Axe
24:14 Castle Age
22:19 Fletching
22:41 Forging
29:56 Horse Collar
39:11 Medium Warships
39:16 Bow Saw
39:58 Heavy Plow
41:08 Wheelbarrow
42:46 Hand Cart
42:56 Fletching
43:45 Ballistics
43:44 Bodkin Arrow
45:03 Padded Archer Armor
48:47 Imperial Age
46:26 Squires
47:05 Yeomen
49:37 Imperial Age
49:46 Imperial Age
47:03 Town Watch
47:43 Stone Mining
47:43 Gold Mining
48:16 Leather Archer Armor
49:50 Elite Longbowman
50:33 Bracer
51:37 Chemistry
52:06 Two-Man Saw
51:49 Conscription
52:04 Conscription
52:55 Ring Archer Armor
AWAKALTA
7:01 Loom
13:10 Feudal Age
17:29 Castle Age
16:42 Double-Bit Axe
17:23 Fletching
18:55 Bow Saw
20:23 Medium Warships
21:10 Bodkin Arrow
23:42 Horse Collar
24:25 Medium Warships
25:09 Wheelbarrow
24:44 Padded Archer Armor
33:30 Imperial Age
33:18 Leather Archer Armor
34:52 Ballistics
34:02 Elite Blackwood Archer
35:29 Bracer
37:16 Chemistry
40:45 Ring Archer Armor
40:15 Town Watch
40:45 Hand Cart
41:09 Conscription
43:20 Forging
45:45 Treadmill Crane
47:49 Gold Mining
49:00 Two-Man Saw
RogerV
13:04 Feudal Age
13:07 Man-at-Arms
16:10 Loom
20:57 Castle Age
21:00 Long Swordsman
22:31 Double-Bit Axe
22:27 Horse Collar
24:10 Bow Saw
34:23 Imperial Age
33:04 Fletching
33:15 Padded Archer Armor
33:20 Elite Skirmisher
33:59 Bodkin Arrow
35:18 Wheelbarrow
35:48 Ballistics
36:34 Chemistry
38:57 Hand Cart
38:44 Bracer
38:59 Leather Archer Armor
41:10 Ring Archer Armor
41:22 Bloodlines
41:13 Husbandry
42:23 Elite Battle Elephant
44:56 Scale Barding Armor
46:37 Light Cavalry
48:02 Chain Barding Armor
47:53 Forging
50:00 Gold Mining
50:01 Stone Mining
54:01 Gold Shaft Mining
57:22 Plate Barding Armor
57:23 Iron Casting
남조선사람
5:38 Loom
12:19 Feudal Age
17:49 Castle Age
15:48 Fishing Lines
16:03 Double-Bit Axe
16:34 Horse Collar
18:00 Fletching
22:30 Bodkin Arrow
24:41 Gillnets
32:28 Imperial Age
31:26 Padded Archer Armor
33:36 Bracer
33:37 Town Watch
34:28 Wheelbarrow
38:02 Ballistics
39:53 Chemistry
40:18 Capped Ram
41:26 Caravan
43:02 Hand Cart
43:02 Gold Mining
43:05 Stone Mining
45:02 Leather Archer Armor
45:52 Bloodlines
46:41 Husbandry
48:19 Parthian Tactics
48:30 Siege Ram
50:00 Bow Saw
51:24 Thumb Ring
54:45 Elite Mangudai
55:50 Drill
56:04 Conscription
57:10 Nomads
57:24 Murder Holes
BaniWang
5:25 Loom
12:54 Feudal Age
13:34 Fishing Lines
13:41 Double-Bit Axe
16:14 Gold Mining
21:10 Castle Age
22:09 Medium Warships
22:27 Bow Saw
22:53 Gold Shaft Mining
22:45 Gillnets
23:48 Clinker Construction
23:48 Careening
24:39 Horse Collar
30:00 Wheelbarrow
29:34 Heavy Plow
29:20 Town Watch
31:31 Stone Mining
32:53 Wheelbarrow
34:04 Hand Cart
34:26 Stone Shaft Mining
34:39 Coinage
38:17 Imperial Age
36:41 Forging
37:30 Squires
37:16 Arson
38:07 Iron Casting
37:33 Scale Mail Armor
38:19 Treadmill Crane
39:00 Ballistics
39:26 Heavy Warships
40:04 Chemistry
39:28 Carvel Hull
39:33 Conscription
39:56 Crop Rotation
38:54 Elite Gbeto
42:52 Ballistics
42:59 Chain Mail Armor
44:10 Plate Mail Armor
44:52 Padded Archer Armor
46:09 Masonry
47:51 Farimba
48:29 Scale Barding Armor
48:15 Fletching
49:33 Hoardings
49:49 Chain Barding Armor
50:43 Husbandry
50:54 Bloodlines
50:05 Light Cavalry
51:28 Plate Barding Armor
51:54 Architecture
52:09 Bodkin Arrow
52:17 Cavalier
ENTP
14:12 Feudal Age
18:19 Castle Age
16:27 Double-Bit Axe
17:16 Fletching
18:27 Padded Archer Armor
19:27 Bow Saw
19:14 Bodkin Arrow
20:12 Horse Collar
26:21 Loom
27:11 Wheelbarrow
29:24 Gold Mining
35:55 Imperial Age
36:59 Bloodlines
36:49 Husbandry
37:00 Bracer
37:15 Leather Archer Armor
37:22 Ballistics
38:03 Chemistry
38:04 Elite Rattan Archer
39:15 Ring Archer Armor
39:40 Scale Barding Armor
39:46 Forging
38:58 Light Cavalry
41:41 Chain Barding Armor
44:57 Two-Man Saw
47:58 Plate Barding Armor
51:26 Iron Casting
52:11 Thumb Ring
51:50 Pikeman
52:31 Squires
52:32 Scale Mail Armor
54:16 Halberdier
56:00 Chain Mail Armor
Gustavsson
5:49 Loom
14:36 Feudal Age
30:12 Castle Age
28:33 Fishing Lines
30:47 Gillnets
36:27 Gold Mining
39:00 Squires
40:25 Double-Bit Axe
42:11 Bow Saw
42:38 Gold Shaft Mining
44:28 Forging
44:35 Scale Mail Armor
47:41 Iron Casting
51:49 Chain Mail Armor
59:10 Imperial Age
Connection lost

Rejoining the realm…

Still unreachable

The connection could not be restored.

Session expired

The server has moved on; the page needs a fresh start.